 Dungeon Crawl Stone Soup version 0.30.1-3-gfc49f6343a (webtiles) character file.

Game seed: 16179584059735580964

23 Atelerd the Digger (level 3, -7/21 HPs)
             Began as an Octopode Earth Elementalist on July 26, 2023.
             Killed by nerve-wracking pain
             ... invoked by Jessica
              (10 damage)
             ... on level 2 of the Dungeon.
             The game lasted 00:00:51 (1091 turns).

Atelerd the Digger (Octopode Earth Elementalist)    Turns: 1091, Time: 00:00:51

Health: -7/21      AC:  1    Str:  7    XL:     3   Next: 0%
Magic:  5/6        EV: 13    Int: 19    God:
Gold:   137        SH:  0    Dex: 12    Spells: 5/6 levels left

rFire   . . .        b - +2 hand axe (freeze)
rCold   . . .        (no shield)
rNeg    . . .        (helmet restricted)
rPois   .            (no amulet)
rElec   .            (no ring)
rCorr   .            (no ring)
SInv    .            (no ring)
Will    .....        (no ring)
Stlth   +++          (no ring)
HPRegen 0.23/turn    (no ring)
MPRegen 0.10/turn    (no ring)
                     (no ring)

%: no passive effects
@: mighty
A: almost no armour, amphibious, 8 rings, camouflage 1, gelatinous body 1,
(nimble swimmer 1), tentacles
a: no special abilities


You were on level 2 of the Dungeon.
You visited 1 branch of the dungeon, and saw 2 of its levels.

You collected 137 gold pieces.

Inventory:

Hand Weapons
 b - a +2 hand axe of freezing (weapon)
Jewellery
 c - the ring "Deax" {rF++ AC+4 Int+2 SInv Stlth+}
   (You found it on level 2 of the Dungeon)

   [ring of protection]

   AC:        It affects your AC (+4).
   Int:       It affects your intelligence (+2).
   rF:        It greatly protects you from fire.
   SInv:      It lets you see invisible.
   Stlth:     It makes you more stealthy.
Scrolls
 d - a scroll of teleportation {unknown}
 e - a scroll of identify {unknown}
Potions
 a - a potion of magic


   Skills:
 + Level 0.2 Fighting
 - Level 2.0 Dodging
 - Level 2.6 Stealth
 + Level 2.4 Spellcasting
 + Level 1.0 Transmutations
 + Level 3.6 Earth Magic


You had 5 spell levels left.
You knew the following spells:

 Your Spells              Type           Power      Damage    Failure   Level
a - Sandblast             Erth           32%        2d9       3%          1

Your spell library contained the following spells:

 Spells                   Type           Power      Damage    Failure   Level
 Passwall                 Tmut/Erth      9%         N/A       10%         2
 Stone Arrow              Conj/Erth      18%        3d8       22%         3
 Petrify                  Tmut/Erth      11%        N/A       52%         4


Dungeon Overview and Level Annotations

Branches:
Dungeon (2/15)

Altars:

Shops:
D:1 *

Annotations:
D:2 Jessica


Innate Abilities, Weirdness & Mutations

You cannot wear most types of armour.
You are amphibious.
You can wear up to eight rings at the same time.
Your skin changes colour to match your surroundings (Stealth+).
Your rubbery body absorbs attacks. (AC +1, EV +1)
((You are camouflaged when in or above water. (Stealth+)))
You have tentacles for arms and can constrict up to eight enemies at once.


Message History

No target in view!
You can't see any susceptible monsters within range! (Use Z to cast anyway.) No target in view!
f - a yellow potion You can't see any susceptible monsters within range! (Use Z to cast anyway.) No target in view!
An endoplasm comes into view.
The blast of sand hits the endoplasm!
You kill the endoplasm!
You have reached level 3!
Your experience leads to an increase in your attributes!
Increase (S)trength, (I)ntelligence, or (D)exterity?
You feel clever. x2
No target in view!
Found a mace.
No target in view!
You open the door.
Jessica the Apprentice Sorceress comes into view.
She is wielding a +0 club.
A rat comes into view.
There is an open door here.
There are monsters nearby!
There are monsters nearby!
The blast of sand hits Jessica.
Jessica is moderately wounded.
Jessica gestures at you while chanting. Pain shoots through your body!
Jessica points at you and mumbles some strange words.
Pain shoots through your body!
* * * LOW HITPOINT WARNING * * *
There are monsters nearby!
You are too injured to fight recklessly!
You are too injured to fight recklessly!
There are monsters nearby!
You are too injured to fight recklessly!
You are too injured to fight recklessly!
It was a potion of might.
You feel very mighty all of a sudden. Jessica gestures at you while chanting.
Pain shoots through your body!
You die...

#.# ##+## ####.#
##...## #....#
##.....## #.####
##.......## ##.##
#.r.......####...#####
+.........+...........
#....@....####...#####
#...@...# ##.##
##.....## ###.#
##...## #...# ##'##
#.### #.# #.# #.# #.#
#######.## #.#
.........## #.#
##.#......# #.#


You could see Jessica and a rat.

Vanquished Creatures
  A worm (D:2)
  3 endoplasms
  A giant cockroach (D:1)
  A hobgoblin (D:2)
  3 quokkas
  2 ball pythons (D:1)
  3 frilled lizards (D:1)
  3 goblins (D:1)
  3 rats
20 creatures vanquished.

Notes
Turn   | Place    | Note
-------+----------+-------------------------------------------
     0 | D:1      | Atelerd the Octopode Earth Elementalist began the quest for
                  | the Orb.
     0 | D:1      | Reached XP level 1. HP: 11/11 MP: 3/3
     0 | D:1      | Found Kedupig's General Store.
   222 | D:1      | Reached XP level 2. HP: 17/17 MP: 3/5
   662 | D:2      | Identified the ring "Deax" {rF++ AC+4 Int+2 SInv Stlth+}
   746 | D:2      | Found a faded altar of an unknown god.
  1034 | D:2      | Reached XP level 3. HP: 21/21 MP: 4/6
  1085 | D:2      | Noticed Jessica
  1091 | D:2      | Killed from afar by Jessica

Illustrated notes

Levels and vault maps discovered:
D:1:      dpeg_arrival_arbitrary_c, layout_rooms, serial_shops, shop
D:2:      layout_loops_corners, shapermc_ecumenical_altar_notcrosses,
          chequers_hall_statues_wall_a, minmay_tree_intersection, uniq_natasha,
          uniq_jessica

Action                     || total
---------------------------++-------
  Melee: Hand axe          ||     5
         Tentacles         ||     3
         Constrict         ||     2
   Cast: Sandblast         ||    25
    Use: Potion            ||     1
   Stab: Sleeping          ||     1
  Dodge: Dodged            ||     4
